Map: Galactic Process LE

Players

EJK

  • Race: Terran Terran
  • League: Grandmaster

IIIIIIIIIIII - Winner!

  • Race: Terran Terran

VOD

Have the link to the VOD?

Description

Time

  • Played on: Sept. 16, 2016, 12:44 p.m.
  • Length: 17:23
Show
View Real Time Build Order
Export as new Build Order

EJK Terran 

Build Orders: Hellion Opening, Reaper Expand 

Get SALT Encoding   

  12  0:00  SCV  
  13  0:12  SCV  
  14  0:18  Supply Depot  
  14  0:25  SCV  
  15  0:29  Refinery  
  15  0:40  SCV  
  16  0:45  Barracks  
  16  0:52  SCV  
  17  1:04  SCV  
  18  1:16  SCV  
  19  1:32  Orbital Command  
  19  1:33  Reaper  
  20  1:46  Command Center  
  20  1:58  SCV  
  21  2:02  Factory  
  21  2:07  Barracks Reactor  
  21  2:10  SCV  
  21  2:15  Supply Depot  
  22  2:22  Refinery, SCV  
  23  2:36  SCV  
  24  2:49  SCV, Starport  
  25  2:52  Hellion  
  25  2:53  Hellion  
  25  2:55  Barracks Tech Lab  
  29  2:59  Orbital Command  
  29  3:03  SCV  
  30  3:14  Hellion  
  30  3:15  Hellion  
  34  3:26  SCV x2  
  36  3:34  Raven  
  36  3:36  Hellion x2  
  36  3:38  Supply Depot  
  42  3:42  SCV x2  
  42  3:47  Barracks Reactor  
  44  3:50  Refinery  
  44  3:54  SCV x2  
  45  4:04  Hellion x2  
  45  4:06  SCV x2  
  51  4:11  Supply Depot  
  51  4:18  SCV x2  
  52  4:28  Supply Depot  
  52  4:32  Viking  
  52  4:37  Cyclone, Viking, Supply Depot  
  59  4:41  Cyclone  
  62  4:49  SCV  
  62  4:50  SCV  
  64  5:02  Viking, SCV x2  
  68  5:07  Viking  
  70  5:14  SCV x2  
  70  5:19  Cyclone x2  
  78  5:24  Supply Depot  
  78  5:41  Supply Depot  
  78  5:46  Viking x2, SCV x2  
  84  5:51  Hellion  
  86  6:00  Command Center  
  86  6:03  Hellion  
  88  6:04  Supply Depot  
  88  6:05  SCV  
  88  6:06  SCV  
  90  6:16  Factory  
  90  6:20  Viking x2  
  94  6:26  Refinery  
  94  6:28  Supply Depot, SCV x2  
  96  6:36  Armory  
  96  6:41  SCV x2  
  98  6:51  Cyclone x2  
  98  6:54  SCV x2  
  98  7:06  SCV x2  
  77  7:18  SCV x2  
  77  7:20  Orbital Command  
  62  7:30  SCV x2  
  62  7:36  Viking x2, Hellion x3  
  74  7:42  Terran Vehicle Weapons Level 1, Factory  
  74  7:43  Supply Depot, Barracks Reactor  
  74  7:47  Barracks Reactor, Starport  
  74  7:48  SCV x2  
  76  7:53  SCV  
  76  7:54  Refinery x2  
  76  7:56  Supply Depot  
  77  8:00  SCV x2  
  80  8:05  Cyclone, SCV  
  80  8:06  Cyclone  
  80  8:10  Viking  
  80  8:12  SCV x2  
  91  8:20  Viking  
  91  8:23  Hellion  
  94  8:31  Engineering Bay  
  94  8:32  Command Center  
  94  8:38  Infernal Pre-Igniter, Hellion x2  
  98  8:41  Viking x2  
  98  8:44  Viking  
  104  8:52  Viking  
  106  8:58  Armory  
  106  9:06  Hellion x2  
  106  9:07  Hellion  
  112  9:11  Viking x2  
  112  9:13  Viking  
  116  9:23  Barracks Reactor  
  116  9:27  Cyclone  
  116  9:28  Cyclone x2, Factory  
  125  9:31  Command Center  
  125  9:41  Terran Vehicle And Ship Armor Level 1  
  123  9:49  Terran Ship Weapons Level 1  
  123  9:53  Viking x3  
  123  9:57  Viking  
  131  10:00  Hellion x3  
  131  10:03  Refinery  
  131  10:04  Refinery  
  135  10:10  Planetary Fortress  
  135  10:19  SCV  
  135  10:20  SCV x2  
  138  10:23  Viking x2  
  142  10:29  Viking  
  142  10:30  Viking  
  142  10:31  Hellion x4  
  154  10:43  Cyclone  
  154  10:47  Supply Depot  
  157  10:52  Cyclone x2  
  163  11:00  Viking x2  
  163  11:01  Cyclone  
  170  11:09  Cyclone  
  157  11:22  Cyclone  
  157  11:24  Cyclone x2  
  166  11:27  Viking x2, Supply Depot  
  166  11:30  Viking  
  172  11:36  SCV x4  
  176  11:50  Cyclone x2  
  176  11:52  Terran Vehicle And Ship Armor Level 2, Terran Vehicle Weapons Level 2  
  180  11:54  Cyclone  
  183  12:14  Cyclone x2, Viking  
  183  12:15  Viking  
  141  12:22  Cyclone  
  122  12:38  Cyclone x2  
  122  12:39  Viking x2  
  121  12:44  Viking  
  121  12:46  Cyclone  
  121  12:51  Cyclone  
  119  13:04  Viking  
  121  13:06  Hellion  
  121  13:09  Viking x2  
  121  13:10  Hellion x2  
  131  13:15  Planetary Fortress  
  131  13:18  Command Center, Hellion  
  133  13:20  Command Center  
  133  13:22  Viking  
  133  13:24  Hellion  
  137  13:27  Cyclone  
  137  13:31  Cyclone x2, Sensor Tower  
  146  13:39  Viking x2  
  146  13:40  Hellion  
  152  13:42  Viking  
  152  13:45  Hellion  
  154  14:09  Refinery  
  169  14:10  Refinery  
  169  14:11  Viking  
  169  14:14  Terran Ship Weapons Level 2  
  169  14:16  Terran Vehicle And Ship Armor Level 3, Hellion  
  169  14:17  Hellion x4  
  166  14:18  Viking x3  
  172  14:36  Orbital Command  
  172  14:37  Orbital Command  
  172  14:50  Cyclone x4  
  172  14:51  Viking x3, Hellion  
  172  14:52  Viking  
  185  15:16  Cyclone  
  188  15:22  Cyclone x2, Hellion  
  188  15:23  Hellion  
  188  15:24  Viking  
  200  15:32  Command Center  
  198  15:40  Viking  
  198  15:41  Viking  
  198  15:43  Starport  
  198  15:46  Starport  
  195  16:08  Cyclone  
  195  16:09  Cyclone, Hellion x2  
  195  16:10  Hellion  
  195  16:11  Viking x4  
  103  16:31  Hellion  
Show
View Real Time Build Order
Export as new Build Order

IIIIIIIIIIII Terran - Winner!

Build Orders: Reaper Expand 

Get SALT Encoding   

  12  0:00  SCV  
  13  0:12  SCV  
  14  0:19  Supply Depot  
  14  0:24  SCV  
  15  0:29  Refinery  
  15  0:40  SCV  
  16  0:46  Barracks  
  16  0:52  SCV  
  17  1:05  SCV  
  18  1:17  SCV  
  19  1:32  Orbital Command  
  19  1:33  Reaper  
  20  1:45  Command Center  
  20  1:55  Factory  
  20  1:59  SCV  
  21  2:04  Refinery  
  21  2:08  Barracks Reactor  
  21  2:14  Supply Depot  
  21  2:18  SCV  
  22  2:30  SCV  
  23  2:40  Starport  
  23  2:42  SCV  
  24  2:48  Hellion x2  
  28  2:54  SCV  
  28  2:58  Orbital Command  
  29  3:00  Barracks Tech Lab  
  29  3:09  Refinery  
  29  3:13  Cyclone  
  29  3:19  SCV  
  33  3:23  SCV  
  33  3:27  Viking  
  36  3:31  SCV  
  37  3:35  SCV  
  37  3:38  Supply Depot  
  38  3:44  SCV  
  38  3:46  Cyclone  
  42  3:51  SCV  
  42  3:54  Supply Depot  
  43  3:56  SCV  
  44  4:03  Raven  
  44  4:05  SCV  
  44  4:08  SCV  
  48  4:12  Hellion  
  50  4:18  Hellion  
  51  4:25  SCV  
  51  4:26  SCV  
  53  4:40  Command Center  
  53  4:41  SCV x2  
  59  4:46  Raven  
  59  4:48  Cyclone, Supply Depot  
  60  4:53  SCV  
  60  4:54  SCV  
  60  4:58  Refinery  
  60  4:59  Barracks Reactor  
  62  5:09  Cyclone, SCV x2  
  62  5:12  Supply Depot  
  67  5:22  Hellion, Starport  
  67  5:23  Supply Depot, SCV  
  70  5:32  Engineering Bay  
  71  5:38  Supply Depot  
  71  5:42  SCV, Hellion  
  74  5:44  Hellion  
  74  5:45  Viking  
  77  5:50  Viking, SCV  
  80  5:58  SCV x2  
  80  6:03  Hellion  
  84  6:05  Cyclone  
  87  6:11  Orbital Command  
  87  6:13  SCV x2  
  89  6:19  Raven, Viking  
  89  6:23  Viking  
  95  6:26  SCV  
  95  6:27  SCV  
  97  6:37  SCV  
  97  6:38  SCV  
  97  6:39  Supply Depot  
  99  6:40  Supply Depot  
  99  6:42  Cyclone  
  99  6:43  Cyclone  
  105  6:49  SCV x2  
  105  6:50  SCV  
  108  7:01  SCV  
  92  7:02  Raven  
  81  7:14  Hellion  
  81  7:15  Hellion  
  82  7:19  Viking x2  
  82  7:21  SCV x2  
  82  7:31  SCV  
  82  7:33  SCV  
  82  7:35  Refinery  
  82  7:36  Refinery, SCV  
  85  7:39  Supply Depot  
  85  7:43  SCV  
  86  7:45  Factory, Raven, SCV  
  86  7:47  Factory  
  89  7:53  SCV  
  89  7:54  Command Center  
  89  7:55  SCV  
  89  7:57  SCV  
  92  8:00  Cyclone x2  
  98  8:06  Explosive Shrapnel Shells  
  98  8:09  SCV x2  
  98  8:12  Viking  
  102  8:14  Viking  
  102  8:17  Supply Depot x2  
  102  8:18  Supply Depot  
  102  8:19  SCV  
  105  8:21  SCV  
  106  8:30  Factory Tech Lab x2  
  106  8:32  Hellion x2  
  110  8:35  Armory x2  
  110  8:38  Missile Turret  
  110  8:40  Missile Turret  
  110  8:44  Sensor Tower  
  110  8:48  Missile Turret  
  110  8:55  Siege Tank x2  
  116  8:56  Missile Turret, Hellion x2  
  120  9:05  Command Center  
  120  9:22  Refinery  
  120  9:23  Sensor Tower  
  120  9:24  Missile Turret, Refinery  
  120  9:27  Terran Vehicle Weapons Level 1, Missile Turret, Terran Vehicle And Ship Armor Level 1  
  120  9:29  SCV x3  
  120  9:31  Cyclone x2  
  129  9:38  Orbital Command  
  129  9:43  Viking x2  
  131  9:51  SCV x3  
  134  9:55  Missile Turret  
  134  9:56  Infernal Pre-Igniter  
  134  9:58  Hellion  
  136  10:02  Siege Tank  
  136  10:05  Missile Turret  
  135  10:10  SCV x2  
  135  10:11  SCV x2  
  139  10:23  Hellion x2  
  139  10:24  Raven  
  139  10:25  Viking x2, Building Armor  
  149  10:31  Starport  
  149  10:42  Refinery  
  149  10:43  Refinery, Sensor Tower  
  149  10:46  Orbital Command  
  149  10:56  Siege Tank  
  149  10:57  Hellion x2  
  154  11:05  Missile Turret  
  154  11:07  Hellion  
  154  11:08  Starport Tech Lab, Missile Turret, Viking x2  
  160  11:18  Hellion x2  
  160  11:24  SCV x2  
  160  11:25  Missile Turret, SCV x3  
  163  11:36  Terran Vehicle And Ship Armor Level 2, Terran Vehicle Weapons Level 2  
  163  11:43  Raven  
  163  11:44  Raven  
  165  11:55  Hellion x2  
  165  11:56  Hellion x2  
  165  12:00  Factory  
  173  12:02  Starport  
  173  12:03  Factory, Starport  
  173  12:05  Hi-Sec Auto Tracking  
  173  12:08  Missile Turret x2  
  155  12:22  Hellion x4  
  128  12:26  Raven  
  128  12:27  Raven  
  103  12:44  Hellion x2  
  103  12:45  Hellion x2  
  103  12:47  Hellion x2  
  104  12:58  Viking  
  104  12:59  Viking x3  
  109  13:09  Raven  
  109  13:10  Command Center, Raven  
  109  13:11  Command Center  
  114  13:12  Siege Tank  
  114  13:13  Hellion  
  114  13:14  Cyclone  
  114  13:16  Cyclone x2  
  114  13:19  Siege Tank  
  128  13:30  Viking x2  
  128  13:32  Viking x2  
  136  13:35  Missile Turret  
  136  13:46  Missile Turret  
  136  13:48  Refinery  
  136  13:49  Missile Turret  
  136  13:50  Cyclone x4, Missile Turret, Siege Tank  
  136  13:51  Siege Tank  
  154  14:01  Raven x2, Viking x2  
  160  14:05  Terran Ship Weapons Level 1  
  160  14:07  Missile Turret  
  160  14:17  Command Center  
  157  14:34  Orbital Command  
  157  14:43  Starport Tech Lab x2  
  157  14:44  Raven x2, Factory Tech Lab x2  
  157  14:45  Hellion x2  
  164  14:46  Siege Tank x2  
  162  15:09  Missile Turret  
  162  15:11  Orbital Command  
  162  15:12  Missile Turret  
  162  15:13  Raven  
  162  15:14  Raven  
  166  15:17  Hellion x4  
  166  15:19  SCV x5  
  179  15:32  Missile Turret  
  171  15:41  Missile Turret  
  171  15:44  Corvid Reactor  
  171  15:54  Viking x4  
  179  16:01  Missile Turret  
  162  16:15  Siege Tank, Hellion x2  
  162  16:16  Siege Tank x2  
  170  17:22  Missile Turret  
Tags
 
Add a new tag
Caveats
  • Supply blocks, unpowered buildings, or Contaminate may cause inaccurate times.
  • Supply counts are checked every 10 seconds.